Unix NetHack Version 3.7.0-89 Work-in-progress - last build Sep 24 2023 19:26:52 (48e034876007844a536bf88644040a71d2893410,branch:master). Game began 2023-10-03 17:14:53, ended 2023-10-06 04:36:46. spontiff, neutral male gnomish Healer --- ..| ..| .|( #### # #.. #####-|---- # #|.<.V| # #|.(@..##### #.....| #|....| #|....| | #-.---- |..... #### |........... ## ----------- Spontiff the Rhizotomist St:16 Dx:11 Co:18 In:11 Wi:17 Ch:17 Neutral S:800 Dlvl:17 $:53 HP:0(54) Pw:6(6) AC:-23 Xp:1/0 T:42409 Satiated Latest messages: You swap places with your white dragon. Where do you want to travel to? (For instructions type a '?') What do you want to drop? [$cdf-ik-tv-zAELRSX or ?*] X You drop 13 uncursed darts. What do you want to use or apply? [cfk-mostwxzS or ?*] o You produce a strange whistling sound. Your white dragon shifts location. What do you want to use or apply? [cfk-mostwxzS or ?*] s In what direction? y Status of the white dragon (chaotic, gigantic): Level 22 HP 174(176) AC -1, tame. You descend the stairs. What do you want to use or apply? [cfk-mostwxzS or ?*] c Nothing happens. You climb up the stairs. You again sense Hippocrates pleading for help. Really save? [yn] (n) y Saving... Restoring save file... Hello spontiff, the gnomish Healer, welcome back to NetHack! What do you want to call? [hklv-xAELR or ?*] L Call a ring called coral 200z SD?: slow digestion R - an uncursed ring called free action (on right hand). What do you want to use or apply? [cfk-mostwxzS or ?*] f You put an uncursed ring called slow digestion into the oilskin sack. What do you want to use or apply? [cfk-mostwxzS or ?*] s In what direction? j Status of the white dragon (chaotic, gigantic): Level 22 HP 174(176) AC -1, tame. You descend the stairs. What do you want to use or apply? [cfk-mostwxzS or ?*] c Nothing happens. You swap places with your white dragon. The 'G' prefix should be followed by a movement command. The wolf wakes up! You swap places with your white dragon. You hear some noises. The vampire lady hits! The vampire lady misses! #argh: unknown extended command. What do you want to use or apply? [cfk-mostwxzS or ?*] f j - an uncursed expensive camera. The vampire lady misses! The vampire lady misses! What do you want to use or apply? [cfj-mostwxzS or ?*] j In what direction? l The vampire lady is blinded by the flash! The vampire lady turns to flee. The vampire lady misses! The vampire lady bites! Goodbye level 1. Do you want your possessions identified? [ynq] (y) y Do you want to see the dungeon overview? [ynq] (y) y Inventory: Coins $ - 53 gold pieces Amulets A - an uncursed amulet of reflection (being worn) Armor h - a blessed +1 dwarvish iron helm (being worn) g - an uncursed +1 pair of leather gloves (being worn) v - a blessed +0 pair of high boots (being worn) r - an uncursed +1 small shield (being worn) q - an uncursed +1 robe (being worn) d - a blessed +0 gray dragon scale mail (being worn) Comestibles y - an uncursed apple m - 2 uncursed eucalyptus leaves n - an uncursed food ration p - an uncursed tripe ration i - an uncursed lizard corpse Rings R - an uncursed ring of free action (on right hand) Wands S - an uncursed wand of sleep (0:8) Tools f - an uncursed oilskin sack containing 36 items j - an uncursed expensive camera (0:42) z - an uncursed leash o - an uncursed magic whistle w - an uncursed mirror x - an uncursed oil lamp k - an uncursed skeleton key s - an uncursed stethoscope t - an uncursed towel named Po SITY c - a blessed +0 unicorn horn Gems/Stones E - 2 uncursed topaz stones l - a blessed luckstone Contents of the oilskin sack: 283 gold pieces an uncursed +0 mummy wrapping 8 uncursed food rations 2 uncursed tripe rations an uncursed scroll of create monster a blessed scroll of earth a blessed scroll of identify 2 uncursed scrolls of teleportation 3 cursed scrolls of teleportation a blessed potion of object detection 5 potions of holy water an uncursed ring of fire resistance an uncursed ring of invisibility an uncursed ring of levitation an uncursed ring of regeneration an uncursed ring of slow digestion an uncursed ring of stealth an uncursed ring of sustain ability an uncursed wand of cancellation (0:8) an uncursed wand of cancellation (0:7) an uncursed wand of cancellation (0:4) an uncursed wand of create monster (0:14) an uncursed wand of digging (0:7) an uncursed wand of polymorph (0:5) an uncursed wand of slow monster (0:7) an uncursed wand of speed monster (0:3) an uncursed wand of striking (0:7) an uncursed +0 unicorn horn 2 uncursed amethyst stones an uncursed aquamarine stone 3 uncursed diamonds 4 uncursed emeralds 2 uncursed rubies 2 uncursed sapphires 3 uncursed worthless pieces of blue glass 4 uncursed worthless pieces of white glass Spontiff the Healer's attributes: Background: You were a Rhizotomist, a level 1 male gnomish Healer. You were neutral, on a mission for Hermes who was opposed by Athena (lawful) and Poseidon (chaotic). You were in the Dungeons of Doom, on level 17. You entered the dungeon 42409 turns ago. It was nighttime. You had 0 experience points, 20 were needed to attain level 2. Your score was 800 before end-of-game adjustments. Basics: You had 0 out of 54 hit points. You had all 6 energy points (spell power). Your armor class was -23. Your wallet contained 53 zorkmids, and you had 283 more stashed away in your pack. Autopickup was on for '$!/="?' plus thrown, with exceptions. Final Characteristics: Your strength was 16 (limit:18/50). Your dexterity was 11 (limit:18). Your constitution was 18 (limit:18). Your intelligence was 11 (limit:19). Your wisdom was 17 (limit:18). Your charisma was 17 (limit:18). Final Status: You were satiated. You were unencumbered. You were empty handed. You were unskilled in bare handed combat. Final Attributes: You were piously aligned. You were magic-protected. You were poison resistant. You saw invisible. You were telepathic. You had infravision. You had a large defense bonus (+12). You were guarded. You had reflection. You had free action. You were lucky. You had extra luck. Good luck did not time out for you. You are dead. Miscellaneous: You never encountered a bones level. Total elapsed playing time was 10 hours, 9 minutes and 16 seconds. Major events: Turn 1: spontiff the neutral male gnomish Healer entered the dungeon 1261: made his first wish - "blessed +2 gray dragon scale mail", got "a gray dragon scale mail" 1547: entered the Gnomish Mines 3500: reached Mine Town 16970: acquired the Mines' End luckstone 19135: entered the Bigroom 20990: Telloc Cyaj, the hardware store proprietor, has been killed 21258: Izchak, the lighting store proprietor, has been killed 21542: Ardjawinangun, the delicatessen proprietor, has been killed 23249: Makin, the delicatessen proprietor, has been killed 24011: the Oracle has been killed 24323: entered Sokoban 26289: completed 1st Sokoban level 27409: completed 2nd Sokoban level 28057: completed 3rd Sokoban level 29525: completed 4th Sokoban level 29752: acquired the Sokoban amulet of reflection 35120: performed his first genocide (green slimes) 42409: killed by life drainage Vanquished creatures: a gold dragon a silver dragon 4 shopkeepers the Oracle an aligned cleric an Aleax a black pudding a watch captain 2 ghosts 2 giant mimics an ogre tyrant a large mimic 2 wargs 9 small mimics a large dog a dwarf ruler 5 tengu an ochre jelly a stone giant a green slime 2 pythons a carnivorous ape a soldier 4 watchmen an amorous demon 2 chameleons 6 giant beetles 5 quivering blobs a cockatrice 2 wolves a lynx a panther a gremlin 2 spotted jellies 6 leprechauns an orc-captain 5 iron piercers 2 mumakil 3 giant spiders 2 black lights a vampire bat a forest centaur 2 gnome rulers an orc mummy 2 dwarf mummies 2 owlbears a yeti 2 gold golems a werewolf a Green-elf 2 lizards a dingo a dog 3 housecats 2 dwarf leaders 4 blue jellies 4 white unicorns a gray unicorn 2 black unicorns 3 ravens 2 plains centaurs a gnome mummy 4 snakes 3 apes 5 human zombies a rope golem 7 soldier ants 2 fire ants 5 bugbears 2 imps a quasit 3 wood nymphs 10 water nymphs 3 mountain nymphs a Mordor orc 11 Uruk-hai 2 orc shamans 14 rock piercers 13 rock moles 14 ponies 10 fog clouds 11 yellow lights 7 shriekers 3 violet fungi 17 gnome leaders 4 gnomish wizards 3 kobold mummies 4 gray oozes a barrow wight 2 elf zombies 5 ghouls 11 straw golems a paper golem 14 giant ants 5 little dogs 23 floating eyes 7 kittens 27 dwarves 6 homunculi 2 kobold leaders 4 kobold shamans 13 hill orcs 13 rothes 4 rabid rats 2 centipedes 12 giant bats 3 monkeys 4 orc zombies 15 dwarf zombies 6 wererats 4 werejackals 23 iguanas 9 killer bees 13 acid blobs 6 coyotes 9 gas spores 21 hobbits 3 manes 5 large kobolds 14 hobgoblins 18 giant rats 13 cave spiders 3 brown molds 7 yellow molds 2 green molds 5 red molds 30 gnomes 10 garter snakes 2 gnome zombies 27 geckos 36 jackals 9 foxes 4 kobolds 21 goblins 16 sewer rats 23 grid bugs 7 bats 27 lichens 5 kobold zombies 49 newts 888 creatures vanquished. Genocided species: green slimes 1 species genocided. Voluntary challenges: You never hit with a wielded weapon. You were a pacifist. You read items or engraved 13 times. You never engraved Elbereth. You genocided 1 type of monster. You never polymorphed an object. You never changed form. You used 1 wish. You did not wish for any artifacts. You violated the special Sokoban rules twice. Achievements: You entered the Gnomish Mines. You entered Minetown. You entered a shop. You entered a temple. You completed the Gnomish Mines. You entered the Big Room. You entered Sokoban. You completed Sokoban. The Dungeons of Doom: levels 1 to 17 Level 1: "magic trap" A fountain. Level 2: "Stashlet" A fountain, a sink. Level 3: A general store. Stairs down to The Gnomish Mines. Level 4: An untended shop. Level 5: Level 6: Level 7: Level 8: A fountain, a sink, a grave. Level 9: Many fountains. Oracle of Delphi. Level 10: Many trees. A very big room. Stairs up to Sokoban, level 9. Level 11: Some fountains. Level 12: A general store, a fountain. Level 13: A fountain. Level 14: Level 15: A primitive area. Level 16: A temple. Summoned by Hippocrates. Portal to The Quest. Level 17: <- You were here. A grave. Final resting place for you, killed by life drainage. The Gnomish Mines: levels 4 to 12 Level 4: "magic trap" Level 5: Level 6: Level 7: "Pools" Many shops, a temple to Hermes. Level 8: "magic trap" Level 9: "magic trap; polytrap" Level 10: Level 11: Level 12: The Quest: Level 1: Home. Sokoban: levels 9 up to 6 Level 6: Solved. Level 7: Solved. Level 8: Solved. Level 9: Solved. Game over: ---------- / \ / REST \ / IN \ / PEACE \ / \ | spontiff | | 336 Au | | killed by life | | drainage | | | | | | 2023 | *| * * * | * _________)/\\_//(\/(/\)/\//\/|_)_______ Goodbye spontiff the Healer... You died in The Dungeons of Doom on dungeon level 17 with 800 points, and 336 pieces of gold, after 42409 moves. You were level 1 with a maximum of 54 hit points when you died.